 Dungeon Crawl Stone Soup version 0.28.0-45-g0d030f2227 (webtiles) character file.

Game seed: 923498210575657693

19 DearestLeader the Shield-Bearer (level 2, -1/29 HPs)
             Began as a Gnoll Fighter on Apr 1, 2022.
             Slain by a worm (6 damage)
             ... on level 2 of the Dungeon.
             The game lasted 00:00:53 (1016 turns).

DearestLeader the Shield-Bearer (Gnoll Fighter)     Turns: 1016, Time: 00:00:54

Health: -1/29      AC:  7    Str: 15    XL:     2   Next: 75%
Magic:  2/2        EV:  9    Int:  7    God:
Gold:   88         SH:  5    Dex: 11    Spells: 2/2 levels left

rFire   . . .      SeeInvis .   a - +0 war axe
rCold   . . .      Faith    .   c - +0 buckler
rNeg    . . .      Spirit   .   b - +0 scale mail
rPois   .          Reflect  .   (no helmet)
rElec   .          Harm     .   (no cloak)
rCorr   .          Rampage  .   (no gloves)
Will    .....                   (no boots)
Stlth   ..........              (no amulet)
HPRegen 0.09/turn               (no ring)
MPRegen 0.08/turn               (no ring)

@: no status effects
A: fangs 1, strong nose, distributed training
a: no special abilities


You were on level 2 of the Dungeon.
You visited 1 branch of the dungeon, and saw 2 of its levels.

You collected 88 gold pieces.

Inventory:

Hand Weapons
 a - a +0 war axe (weapon)
Armour
 b - a +0 scale mail (worn)
 c - a +0 buckler (worn)
Scrolls
 f - a scroll of amnesia {unknown}
 g - 2 scrolls of fog {unknown}
 i - a scroll of noise {unknown}
Potions
 d - a potion of might
 e - a potion of degeneration {unknown}
 h - 2 potions of magic {unknown}


   Skills:
 + Level 6.5 Fighting
 + Level 0.5 Short Blades
 + Level 0.5 Long Blades
 + Level 4.5 Axes
 + Level 0.5 Maces & Flails
 + Level 0.5 Polearms
 + Level 0.5 Staves
 + Level 0.5 Slings
 + Level 0.5 Bows
 + Level 0.5 Crossbows
 + Level 0.5 Throwing
 + Level 6.5 Armour
 + Level 0.5 Dodging
 + Level 0.5 Stealth
 + Level 6.5 Shields
 + Level 0.5 Unarmed Combat
 + Level 0.5 Spellcasting
 + Level 0.3 Conjurations
 + Level 0.3 Hexes
 + Level 0.3 Summonings
 + Level 0.3 Necromancy
 + Level 0.3 Translocations
 + Level 0.3 Transmutations
 + Level 0.3 Fire Magic
 + Level 0.3 Ice Magic
 + Level 0.3 Air Magic
 + Level 0.3 Earth Magic
 + Level 0.3 Poison Magic
 + Level 0.6 Invocations
 + Level 0.5 Evocations


You had 2 spell levels left.
You didn't know any spells.
Your spell library was empty.

Dungeon Overview and Level Annotations

Branches:
Dungeon (2/15)

Altars:
Uskayaw


Innate Abilities, Weirdness & Mutations

You have very sharp teeth.
Your uncanny sense of smell can sniff out nearby items.
Your experience applies equally to all skills.


Message History

Things that are here:
a +0 club; 3 stones; a +0 ring mail
Things that are here:
a +0 club; 3 stones; a +0 ring mail You open the door.
There is an open door here.
You open the door.
There is an open door here.
There is a stone staircase leading down here.
You now have 88 gold pieces (gained 9).
A gnoll and a worm come into view.
Found a scroll labelled FEOWOO BUTRYNO.
The gnoll shouts!
You see here 2 golden potions.
The gnoll hits you from afar with a +0 halberd.
You block the gnoll's attack.
You see here a scroll labelled FEOWOO BUTRYNO.
You hit the gnoll but do no damage. The gnoll hits you but does no damage.
You block the gnoll's attack.
You slash the gnoll! You bite the gnoll, but do no damage.
The gnoll is severely wounded.
You block the gnoll's attack.
You hit the gnoll but do no damage.
The gnoll is severely wounded.
The gnoll barely misses you.
You hit the gnoll.
The gnoll is almost dead.
You block the gnoll's attack. The gnoll hits you with a +0 halberd!
You closely miss the gnoll.
The gnoll is almost dead.
You block the gnoll's attack.
You hit the gnoll but do no damage. You bite the gnoll, but do no damage.
The gnoll is almost dead.
The gnoll hits you with a +0 halberd.
You closely miss the gnoll. Your bite misses the gnoll.
The gnoll is almost dead.
You hit the worm. The gnoll hits you with a +0 halberd!
* * * LOW HITPOINT WARNING * * *
The worm bites you.
You die...

##### ### .....##.##
........###########
#...............#
#.....#.###......
#................
##.#.###.##.###..
#.####!#.# #.##.###..
#..g@w.#+# #.##......
#######...##.##..###.
?...#.........
.....###..#.## ∆
......##......
w.....+.......
......###....#
#....## #....#


You could see a worm and a gnoll.

Vanquished Creatures
  A dart slug (D:1)
  2 endoplasms (D:1)
  A goblin (D:1)
  3 kobolds
  2 ball pythons (D:2)
  6 bats
  A frilled lizard (D:2)
  2 rats
18 creatures vanquished.

Vanquished Creatures (others)
  A demonic plant (D:1)
  A withered plant (D:1)
2 creatures vanquished.

Grand Total: 20 creatures vanquished

Notes
Turn   | Place    | Note
-------+----------+-------------------------------------------
     0 | D:1      | DearestLeader the Gnoll Fighter began the quest for the
                  | Orb.
     0 | D:1      | Reached XP level 1. HP: 23/23 MP: 1/1
   195 | D:1      | Found a faded altar of an unknown god.
   227 | D:1      | Reached XP level 2. HP: 29/29 MP: 2/2
   696 | D:2      | Found a hide-covered altar of Uskayaw.
  1016 | D:2      | Slain by a worm

Illustrated notes

Levels and vault maps discovered:
D:1:      saegor_arrival_simple_b, layout_basic, shapermc_ecumenical_altar_gd
D:2:      layout_loops_corners, basic_altar, st_stairs_4, kennysheep_boxes

Action                   || total
-------------------------++-------
Melee: War axe           ||    38
       Bite              ||     5
Armor: Scale mail        ||    15
Dodge: Dodged            ||    11
Block: Buckler           ||    15
